 Dungeon Crawl Stone Soup version 0.24-a0-504-gcfb02b9d07 (webtiles) character file.

Game seed: 16281822955740226885

2510 Gargoyl the Covered (level 9, -5/73 HPs)
             Began as a Centaur Abyssal Knight on July 16, 2019.
             Was an Elder of Lugonu.
             Slain by a bullfrog (7 damage)
             ... on level 7 of the Dungeon.
             The game lasted 00:09:28 (6935 turns).

Gargoyl the Covered (Centaur Abyssal Knight)        Turns: 6935, Time: 00:09:28

Health: -5/73      AC: -5    Str: 20    XL:     9   Next: 28%
Magic:  0/12       EV:  5    Int: 11    God:    Lugonu [****..]
Gold:   197        SH:  0    Dex: 11    Spells: 8/8 levels left

rFire    . . .     SeeInvis .   a - +2 hand axe
rCold    + . .     Gourm    .   (no shield)
rNeg     . . .     Faith    .   k - +0 plate armour
rPois    +         Spirit   +   (helmet restricted)
rElec    .         Reflect  .   m - scarf {Spirit}
rCorr    .         Harm     .   (no gloves)
MR       .....                  (no barding)
Stlth    ..........             (no amulet)
HPRegen  0.22/turn              d - +4 ring of strength
MPRegen  0.13/turn              l - ring of poison resistance

@: corroded, very quick
A: large, hooves 3, horns 1, blurry vision 1, cold resistance 1, deformed body,
speed 2, tough skin 3
a: Depart the Abyss, Bend Space, Banish, Corrupt, Renounce Religion


You were on level 7 of the Dungeon.
You worshipped Lugonu.
Lugonu was greatly pleased with you.
You were not hungry.

You visited 1 branch of the dungeon, and saw 7 of its levels.
You visited the Abyss 1 time.

You collected 287 gold pieces.
You spent 90 gold pieces at shops.

Inventory:

Hand Weapons
 a - a +2 hand axe (weapon)
Missiles
 q - 10 boomerangs (quivered)
Armour
 k - a +0 plate armour (worn)
 m - a scarf of spirit shield (worn)
Jewellery
 d - a +4 ring of strength (left hand)
 f - an uncursed amulet of the gourmand
 i - an uncursed ring of resist corrosion
 l - a ring of poison resistance (right hand)
 n - an uncursed ring of fire {unknown}
 t - an uncursed ring of positive energy {unknown}
 x - an uncursed ring of wizardry {unknown}
Wands
 g - a wand of paralysis (17)
 o - a wand of digging (3)
 u - a wand of polymorph (10)
Scrolls
 b - 5 scrolls of blinking
 h - 2 scrolls of identify
 j - a scroll of remove curse
 r - a scroll of magic mapping
Potions
 e - a potion of haste
 p - 2 potions of might {unknown}
 s - a potion of curing
 v - a potion of invisibility {unknown}
Comestibles
 c - 13 rations
 w - 3 chunks of flesh


   Skills:
 + Level 4.8 Fighting
 + Level 6.1 Axes
 * Level 6.1 Armour
 * Level 3.3 Dodging
 * Level 5.3 Invocations


You had 8 spell levels left.
You didn't know any spells.
Your spell library contained the following spells:

 Spells                   Type           Power        Failure   Level  Hunger
 Beastly Appendage        Tmut           #.....       100%        1    ##.....
 Sticks to Snakes         Tmut           #.......     100%        2    ###....
 Spider Form              Tmut/Pois      #.........   100%        3    ####...
 Ice Form                 Ice/Tmut       #.......     100%        4    #####..
 Blade Hands              Tmut           #.........   100%        5    ######.


Dungeon Overview and Level Annotations

Branches:
Dungeon (7/15)             Temple (0/1) D:6

Altars:
Kikubaaqudgha
Makhleb
Nemelex Xobeh
Okawaru
Qazlal
Ru
Xom
Zin

Shops:
D:6 *


Innate Abilities, Weirdness & Mutations

You have hooves in place of feet.
Armour fits poorly on your strangely shaped body.
You cover ground very quickly.
You have extremely tough skin. (AC +3)
You have a pair of small horns on your head.
Scrolls take you a little longer to read.
Your flesh is cold resistant. (rC+)


Message History

The bullfrog hits you but does no damage.
You barely miss the orc. Your kick misses the orc. You slash the jelly!
The acid corrodes you!
Your hands burn!
* * * LOW HITPOINT WARNING * * *
You miss the bullfrog. The bullfrog hits you.
* * * LOW HITPOINT WARNING * * *
The jelly hits you.
* * * LOW HITPOINT WARNING * * *
The acid corrodes you!
You are splashed with acid.
* * * LOW HITPOINT WARNING * * *
The orc hits you with a +0 dagger of flaming.
* * * LOW HITPOINT WARNING * * *
The orc burns you.
* * * LOW HITPOINT WARNING * * *
You hit the orc but do no damage. You kick the orc, but do no damage.
Your headbutt misses the orc. You hit the jelly but do no damage.
Your hands burn!
* * * LOW HITPOINT WARNING * * *
You barely miss the bullfrog. The bullfrog hits you!
You die...

# .# ###. #####.# ###..# ...##.#
###...o# .. ##.##.# ##....#@# .#
......# ....#5FJ# ..# ......#
..#..|#.# ..#
....#.###....#...##..# ###
........###..?.#.#..# ##.##.#..
.#..#.#...###.....#####.#.#.#.#
.#..........###..###.##.#.#.#.#
......#####...###...#†#.#.#.#.#
##.#########....#####.#.#.#.#.##


You could see a bullfrog, a jelly, a crimson imp and an orc.

Vanquished Creatures
  Pikel (D:4)
  Menkaure (D:4)
  A black bear (D:6)
  2 ogres
  A phantom (D:5)
  2 centaurs
  2 bullfrogs
  2 scorpions (D:4)
  A water moccasin skeleton (D:7)
  A howler monkey (D:6)
  3 crimson imps
  4 hounds
  A bullfrog skeleton (D:6)
  2 jellies (D:6)
  2 orc priests (D:7)
  A centaur skeleton (D:4)
  2 iguanas (D:6)
  7 orc wizards
  5 worker ants
  A worker ant zombie (D:5)
  3 howler monkey skeletons
  6 adders
  11 gnolls
  2 oozes
  An adder skeleton (D:4)
  5 worms
  2 dart slugs (D:2)
  7 leopard geckos
  18 orcs
  8 bats
  5 giant cockroaches
  3 goblins
  4 hobgoblins
  4 jackals (D:7)
  8 quokkas
  9 frilled lizards
  5 kobolds
  2 leopard gecko skeletons
  A quokka skeleton (D:4)
  7 rats
153 creatures vanquished.

Vanquished Creatures (others)
  Eustachio (D:5)
  An iguana (D:5)
  2 starspawn tentacles (Abyss:1)
4 creatures vanquished.

Grand Total: 157 creatures vanquished

Notes
Turn   | Place    | Note
-------+----------+-------------------------------------------
     0 | Abyss:1  | Gargoyl the Centaur Abyssal Knight began the quest for the
                  | Orb.
     0 | Abyss:1  | Reached XP level 1. HP: 19/19 MP: 2/2
    13 | Abyss:1  | Found a corrupted altar of Lugonu.
    98 | Abyss:1  | Noticed a thrashing horror
   112 | Abyss:1  | Noticed an ancient zyme
   113 | Abyss:1  | Noticed a tentacled starspawn
   144 | Abyss:1  | Noticed a tentacled monstrosity
   176 | Abyss:1  | Noticed a small abomination
   196 | Abyss:1  | Noticed a soul eater
   256 | Abyss:1  | Gained mutation: You are agile. (Dex +2) [potion of
                  | mutation]
   256 | Abyss:1  | Gained mutation: You have a beak for a mouth. [potion of
                  | mutation]
   256 | Abyss:1  | Gained mutation: You occasionally shout uncontrollably at
                  | your foes. [potion of mutation]
   256 | Abyss:1  | Gained mutation: You are partially covered in rugged brown
                  | scales. (AC +1, +3% HP) [potion of mutation]
   268 | Abyss:2  | Found an ancient bone altar of Kikubaaqudgha.
   283 | Abyss:2  | Noticed a neqoxec
   285 | Abyss:2  | Gained mutation: You are partially covered in molten
                  | scales. (AC +2) [a neqoxec]
   287 | Abyss:2  | Gained mutation: You sometimes yell uncontrollably at your
                  | foes. [a neqoxec]
   288 | Abyss:2  | Gained mutation: You are frail. (-10% HP) [a neqoxec]
   290 | Abyss:2  | Noticed a freezing wraith
   295 | D:1      | Escaped the Abyss
   456 | D:1      | Reached XP level 2. HP: 24/24 MP: 3/3
   732 | D:1      | Reached * piety under Lugonu
  1163 | D:2      | Reached XP level 3. HP: 28/28 MP: 4/4
  1267 | D:2      | Reached skill level 1 in Dodging
  1600 | D:2      | Found a sacrificial altar of Ru.
  1886 | D:3      | Found a shimmering altar of Xom.
  1889 | D:3      | Reached XP level 4. HP: 27/35 MP: 2/5
  2079 | D:3      | Reached ** piety under Lugonu
  2210 | D:3      | Found a sparkling altar of Nemelex Xobeh.
  2301 | D:3      | Reached XP level 5. HP: 36/41 MP: 7/7
  2369 | D:3      | You fall into a shaft and drop 3 floors!
  2396 | D:6      | Reached XP level 6. HP: 16/48 MP: 2/8
  3073 | D:6      | Found a glowing silver altar of Zin.
  3083 | D:5      | Entered Level 5 of the Dungeon
  3083 | D:5      | Found an iron altar of Okawaru.
  3136 | D:5      | Reached XP level 7. HP: 45/54 MP: 9/9
  3418 | D:4      | Noticed Menkaure
  3428 | D:4      | Killed Menkaure
  3984 | D:4      | Reached XP level 8. HP: 61/61 MP: 11/11
  4086 | D:4      | Reached *** piety under Lugonu
  4465 | D:5      | Noticed Pikel
  4465 | D:5      | Noticed Eustachio
  4506 | D:4      | Killed Pikel
  4506 | D:4      | Reached skill level 5 in Axes
  4506 | D:4      | Reached skill level 5 in Armour
  4678 | D:5      | Killed Eustachio
  4983 | D:5      | Lost mutation: You sometimes yell uncontrollably at your
                  | foes. [potion of mutation]
  4983 | D:5      | Lost mutation: You have a beak for a mouth. [potion of
                  | mutation]
  4983 | D:5      | Lost mutation: You are partially covered in molten scales.
                  | (AC +2) [potion of mutation]
  4983 | D:5      | Gained mutation: Your flesh is cold resistant. (rC+)
                  | [potion of mutation]
  4984 | D:5      | Lost mutation: You are partially covered in rugged brown
                  | scales. (AC +1, +3% HP) [potion of mutation]
  4984 | D:5      | Lost mutation: You are agile. (Dex +2) [potion of mutation]
  4984 | D:5      | Gained mutation: You expend magic power (3 MP) to
                  | strengthen your wands. [potion of mutation]
  5060 | D:5      | Found an ancient bone altar of Kikubaaqudgha.
  5086 | D:4      | Found a shimmering altar of Xom.
  5184 | D:5      | Found a burning altar of Makhleb.
  5298 | D:5      | Found a stormy altar of Qazlal.
  5378 | D:5      | Lost mutation: You are frail. (-10% HP) [potion of
                  | mutation]
  5378 | D:5      | Lost mutation: You occasionally shout uncontrollably at
                  | your foes. [potion of mutation]
  5378 | D:5      | Lost mutation: You expend magic power (3 MP) to strengthen
                  | your wands. [potion of mutation]
  5378 | D:5      | Gained mutation: Scrolls take you a little longer to read.
                  | [potion of mutation]
  5378 | D:5      | Gained mutation: You have a pair of small horns on your
                  | head. [potion of mutation]
  5730 | D:6      | Found a staircase to the Ecumenical Temple.
  5742 | D:6      | Found Caumon's General Store.
  5748 | D:6      | Bought a scroll of blinking for 90 gold pieces
  5920 | D:6      | Reached skill level 5 in Invocations
  5920 | D:6      | Reached XP level 9. HP: 50/72 MP: 6/12
  6448 | D:7      | Reached **** piety under Lugonu
  6935 | D:7      | HP: 2/73 [acid (2)]
  6935 | D:7      | Slain by a bullfrog

Levels and vault maps discovered:
D:1:      sevenhm_arrival_forest_fort_small_6, layout_loops_ring,
          minmay_ruptured
D:2:      layout_basic, marbit_many_paths, minmay_misc_feat_tiny
D:3:      layout_rooms, nemelex_xobeh_ov_fountains_minmay, lemuel_doored_altar
D:4:      lemuel_upstairs_altar, layout_basic, uniq_menkaure
D:5:      layout_basic, okawaru_metal_pillars_1_2, grunt_temple_overflow_open,
          first_ration, nrook_mini_vaults, grunt_qazlal_clouds, uniq_pikel,
          uniq_eustachio
D:6:      layout_loops_corners, lemuel_round_altar,
          minmay_temple_entry_gardened_gates, serial_shops, shop
D:7:      minmay_the_grid_triangle_9x9_rhombus_thin
          [minmay_the_grid_triangle_9x9_negative_grid,
          minmay_the_grid_triangle_9x9_prize_insulated,
          minmay_the_grid_triangle_9x9_impossible_snake,
          minmay_the_grid_triangle_9x9_odd_lines], layout_loops_cross,
          cheibrodos_worm_habitat, basic_altar

Skill      XL: |  1  2  3  4  5  6  7  8  9 |
---------------+----------------------------+-----
Axes           | 2 3 4 5 6 |  6.1
Dodging        | 1 2 3 |  3.3
Armour         | 2 3 4 5 6 |  6.1
Invocations    | 3 4 5 |  5.3
Fighting       | 4 |  4.8

Action                   |  1- 3 |  4- 6 |  7- 9 || total
-------------------------+-------+-------+-------++-------
Melee: Hand axe          |    96 |   113 |   286 ||   495
       Kick              |    16 |    34 |    89 ||   139
       Peck              |    16 |    13 |    24 ||    53
       Headbutt          |       |       |    20 ||    20
Invok: Depart the Abyss  |     1 |       |       ||     1
  Use: Scroll            |     6 |       |     4 ||    10
       Potion            |     1 |       |     6 ||     7
 Stab: Sleeping          |     1 |       |       ||     1
  Eat: Chunk             |     1 |     4 |     7 ||    12
       Ration            |       |       |     1 ||     1
Armor: Leather armour    |    13 |       |       ||    13
       Ring mail         |    36 |       |       ||    36
       Plate armour      |    50 |   109 |   278 ||   437
Dodge: Dodged            |    52 |    15 |    79 ||   146

Table legend:
 A = Non-vault XP
 B = Vault XP
 C = Vault XP percentage of total XP
 D = Non-vault monster count
 E = Vault monster count
 F = Vault count percentage of total count
                 A         B        C        D         E       F
            +---------+---------+-------+---------+---------+-------
      Total |    2606 |     980 |  27.3 |     143 |      10 |   6.5
            +---------+---------+-------+---------+---------+-------
        D:1 |      21 |       7 |  25.0 |      12 |       4 |  25.0
        D:2 |      41 |       7 |  14.6 |      21 |       1 |   4.5
        D:3 |     205 |       0 |   0.0 |      24 |       0 |   0.0
        D:4 |     576 |     835 |  59.2 |      24 |       2 |   7.7
        D:5 |     419 |       0 |   0.0 |      14 |       0 |   0.0
        D:6 |     887 |       0 |   0.0 |      21 |       0 |   0.0
        D:7 |     457 |     131 |  22.3 |      27 |       3 |  10.0
            +---------+---------+-------+---------+---------+-------
